| TOP OF THE 1ST |
|
Connecticut Tigers batting - Pitching for Chicago (NYP) White Sox : RHP Ed Catalan
|
|
Pitching: RHP Ed Catalan
|
|
|
Batting: SHB Adam Weber
|
0-0: Foul Ball, location: 2F 0-1: SINGLE (Line Drive, 4M, EV 101.9 MPH)
|
|
Batting: RHB Eric Angelle
|
0-0: Ball Adam Weber steals 2nd base 1-0: Called Strike 1-1: Foul Ball, location: 2F 1-2: 2-RUN HOME RUN (Flyball, 7LD, EV 101.9 MPH), Distance : 391 ft
|
|
Batting: RHB John Evancho
|
0-0: Swinging Strike 0-1: Ground out 6-3 (Groundball, 6, EV 85.6 MPH)
|
|
Batting: RHB Keith Hoffman
|
0-0: Called Strike 0-1: Ball 1-1: Ball 2-1: Swinging Strike 2-2: Strikes out swinging
|
|
Batting: RHB Brandon O'Malley
|
0-0: Fly out, F7 (Flyball, 7D, EV 81.9 MPH)
|
| Top of the 1st over - 2 runs, 2 hits, 0 errors, 0 left on base; Connecticut 2 - Chicago (NYP) 0 |
| BOTTOM OF THE 1ST |
|
Chicago (NYP) White Sox batting - Pitching for Connecticut Tigers : RHP Alan Grossfeld
|
|
Pitching: RHP Alan Grossfeld
|
|
|
Batting: RHB Jeremy Hoffert
|
0-0: Ball 1-0: Called Strike 1-1: Swinging Strike 1-2: Ground out 5-3 (Groundball, 56S, EV 75.0 MPH)
|
|
Batting: RHB Brad Boals
|
0-0: Ball 1-0: Ball 2-0: Ball 3-0: Called Strike 3-1: Base on Balls
|
|
Batting: RHB Dusty Ballard
|
0-0: Ball 1-0: Swinging Strike 1-1: Swinging Strike 1-2: Ball 2-2: Ball 3-2: SINGLE (Groundball, 34D, EV 108.1 MPH) Brad Boals to second Runner from 2nd tries for 3rd, SAFE, throw by RF made to third
|
|
Batting: LHB Brandon Hopper
|
0-0: Ball Dusty Ballard steals 2nd base 1-0: Ball 2-0: 3-RUN HOME RUN (Flyball, 7LD, EV 98.8 MPH), Distance : 366 ft
|
|
Batting: LHB Jason Bell
|
0-0: Called Strike 0-1: Ball 1-1: Fly out, F8 (Flyball, 78D, EV 105.0 MPH)
|
|
Batting: RHB Mitch Cuadros
|
0-0: Ball 1-0: Ball 2-0: Swinging Strike 2-1: Ball 3-1: Base on Balls
|
|
Batting: LHB Ray Walden
|
0-0: Called Strike 0-1: Foul Ball, location: 2F 0-2: Strikes out looking
|
| Bottom of the 1st over - 3 runs, 2 hits, 0 errors, 1 left on base; Connecticut 2 - Chicago (NYP) 3 |
| TOP OF THE 2ND |
|
Connecticut Tigers batting - Pitching for Chicago (NYP) White Sox : RHP Ed Catalan
|
|
Batting: LHB Miguel Bojorquez
|
0-0: Ball 1-0: Ground out U3 (Groundball, 3L, EV 106.2 MPH)
|
|
Batting: RHB Jamie Bass
|
0-0: Called Strike 0-1: Called Strike 0-2: Ground out 5-3 (Groundball, 56S, EV 79.4 MPH)
|
|
Batting: RHB Riley Menger
|
0-0: Ball 1-0: Ground out U3 (Groundball, 3S, EV 91.2 MPH)
|
| Top of the 2nd over - 0 runs, 0 hits, 0 errors, 0 left on base; Connecticut 2 - Chicago (NYP) 3 |
| BOTTOM OF THE 2ND |
|
Chicago (NYP) White Sox batting - Pitching for Connecticut Tigers : RHP Alan Grossfeld
|
|
Batting: SHB Jason Bresnahan
|
0-0: Ball 1-0: Ball 2-0: Swinging Strike 2-1: SINGLE (Groundball, 6D, EV 101.2 MPH)
|
|
Batting: RHB David Laureano
|
0-0: Ball Jason Bresnahan steals 2nd base 1-0: Swinging Strike 1-1: Ball 2-1: Called Strike 2-2: Ball 3-2: Base on Balls
|
|
Batting: RHB Jeremy Hoffert
|
0-0: Called Strike 0-1: Ball 1-1: Swinging Strike 1-2: Ball 2-2: SINGLE (Groundball, 56S, EV 72.5 MPH) (infield hit) Jason Bresnahan to third David Laureano to second
|
|
Batting: RHB Brad Boals
|
0-0: Ball 1-0: Ball 2-0: Swinging Strike 2-1: GRAND SLAM HOME RUN (Flyball, 78XD, EV 106.9 MPH), Distance : 435 ft
|
|
Pitching: RHP Eddie Hodgson
|
|
|
Batting: RHB Dusty Ballard
|
0-0: Called Strike 0-1: Swinging Strike 0-2: Foul Ball, location: 2F 0-2: Foul Ball, location: 2F 0-2: Ball 1-2: Fly out, F8 (Flyball, 78D, EV 101.9 MPH)
|
|
Batting: LHB Brandon Hopper
|
0-0: Reached on error, E6 (Groundball, 6, EV 106.2 MPH)
|
|
Batting: LHB Jason Bell
|
0-0: Ball Brandon Hopper steals 2nd base 1-0: Called Strike 1-1: Swinging Strike 1-2: Ball 2-2: Ball 3-2: Fly out, F5 (Popup, 5SF, EV 77.5 MPH)
|
|
Batting: RHB Mitch Cuadros
|
0-0: Ball 1-0: Ball 2-0: Foul Ball, location: 2F 2-1: Fly out, F9 (Flyball, 9, EV 78.8 MPH)
|
| Bottom of the 2nd over - 4 runs, 3 hits, 1 error, 1 left on base; Connecticut 2 - Chicago (NYP) 7 |
| TOP OF THE 3RD |
|
Connecticut Tigers batting - Pitching for Chicago (NYP) White Sox : RHP Ed Catalan
|
|
Batting: RHB Jeremy Guidone
|
0-0: Called Strike 0-1: Ball 1-1: Foul Ball, location: 2F 1-2: Ball 2-2: Strikes out swinging
|
|
Batting: SHB Adam Weber
|
0-0: Fly out, F5 (Popup, 6S, EV 63.8 MPH)
|
|
Batting: RHB Eric Angelle
|
0-0: Called Strike 0-1: Ball 1-1: Ground out 3-1 (Groundball, 34S, EV 88.8 MPH)
|
| Top of the 3rd over - 0 runs, 0 hits, 0 errors, 0 left on base; Connecticut 2 - Chicago (NYP) 7 |
| BOTTOM OF THE 3RD |
|
Chicago (NYP) White Sox batting - Pitching for Connecticut Tigers : RHP Eddie Hodgson
|
|
Batting: LHB Ray Walden
|
0-0: Swinging Strike 0-1: Swinging Strike 0-2: Strikes out swinging
|
|
Batting: SHB Jason Bresnahan
|
0-0: Called Strike 0-1: Ball 1-1: Foul Ball, location: 2F 1-2: Strikes out swinging
|
|
Batting: RHB David Laureano
|
0-0: SINGLE (Groundball, 6MD, EV 96.2 MPH)
|
|
Batting: RHB Jeremy Hoffert
|
0-0: Foul Ball, location: 2F 0-1: Ball 1-1: Swinging Strike 1-2: Foul Ball, location: 2F 1-2: Strikes out swinging
|
| Bottom of the 3rd over - 0 runs, 1 hit, 0 errors, 1 left on base; Connecticut 2 - Chicago (NYP) 7 |
| TOP OF THE 4TH |
|
Connecticut Tigers batting - Pitching for Chicago (NYP) White Sox : RHP Ed Catalan
|
|
Batting: RHB John Evancho
|
0-0: Swinging Strike 0-1: Ground out 4-3 (Groundball, 4, EV 103.8 MPH)
|
|
Batting: RHB Keith Hoffman
|
0-0: Ball 1-0: Foul Ball, location: 2F 1-1: Ball 2-1: Ball 3-1: Base on Balls
|
|
Batting: RHB Brandon O'Malley
|
0-0: Called Strike 0-1: Foul Ball, location: 2F 0-2: Strikes out swinging
|
|
Batting: LHB Miguel Bojorquez
|
0-0: Ball 1-0: Ball 2-0: Ball 3-0: Called Strike 3-1: Called Strike 3-2: Foul Ball, location: 2F 3-2: SINGLE (Line Drive, 5D, EV 106.2 MPH) Keith Hoffman to second Keith Hoffman to third
|
|
Batting: RHB Jamie Bass
|
0-0: Called Strike 0-1: Ball 1-1: Ground out 3-1 (Groundball, 34, EV 86.9 MPH)
|
| Top of the 4th over - 0 runs, 1 hit, 0 errors, 2 left on base; Connecticut 2 - Chicago (NYP) 7 |
| BOTTOM OF THE 4TH |
|
Chicago (NYP) White Sox batting - Pitching for Connecticut Tigers : RHP Eddie Hodgson
|
|
Pitching: LHP Chris Woodruff
|
|
|
Batting: RHB Brad Boals
|
0-0: DOUBLE (Flyball, 78D, EV 105.6 MPH)
|
|
Batting: RHB Dusty Ballard
|
0-0: Ball 1-0: Ball 2-0: Fly out, F1 (Line Drive, P, EV 73.8 MPH)
|
|
Batting: LHB Brandon Hopper
|
0-0: Called Strike 0-1: Ball 1-1: Swinging Strike 1-2: Ball 2-2: Strikes out swinging
|
|
Batting: LHB Jason Bell
|
0-0: Ground out 4-3 (Groundball, 4, EV 104.4 MPH)
|
| Bottom of the 4th over - 0 runs, 1 hit, 0 errors, 1 left on base; Connecticut 2 - Chicago (NYP) 7 |
| TOP OF THE 5TH |
|
Connecticut Tigers batting - Pitching for Chicago (NYP) White Sox : RHP Ed Catalan
|
|
Batting: RHB Riley Menger
|
0-0: Ball 1-0: Ball 2-0: Ball 3-0: Called Strike 3-1: Base on Balls
|
|
Batting: RHB Jeremy Guidone
|
0-0: Ball 1-0: Ball 2-0: Called Strike 2-1: Foul Ball, location: 2F 2-2: Ball 3-2: Foul Ball, location: 2F 3-2: Strikes out swinging
|
|
Batting: SHB Adam Weber
|
0-0: Ball 1-0: Ball 2-0: Ball 3-0: Called Strike 3-1: Called Strike 3-2: Foul Ball, location: 2F 3-2: Fielders Choice at 2nd, 4-6 (Groundball, 4D, EV 88.8 MPH)
|
|
Batting: RHB Eric Angelle
|
0-0: Called Strike Adam Weber steals 2nd base 0-1: Swinging Strike 0-2: Strikes out swinging
|
| Top of the 5th over - 0 runs, 0 hits, 0 errors, 1 left on base; Connecticut 2 - Chicago (NYP) 7 |
| BOTTOM OF THE 5TH |
|
Chicago (NYP) White Sox batting - Pitching for Connecticut Tigers : LHP Chris Woodruff
|
|
Batting: RHB Mitch Cuadros
|
0-0: Ball 1-0: Ball 2-0: Fly out, F8 (Flyball, 89M, EV 91.9 MPH)
|
|
Batting: LHB Ray Walden
|
0-0: Called Strike 0-1: Swinging Strike 0-2: Foul Ball, location: 2F 0-2: Foul Ball, location: 2F 0-2: Ball 1-2: Foul Ball, location: 2F 1-2: Ball 2-2: Ground out 5-3 (Groundball, 56S, EV 89.4 MPH)
|
|
Batting: SHB Jason Bresnahan
|
0-0: Ball 1-0: Foul Ball, location: 2F 1-1: Hit by Pitch
|
|
Batting: RHB David Laureano
|
0-0: Called Strike Jason Bresnahan steals 2nd base 0-1: Swinging Strike 0-2: Foul Ball, location: 2F 0-2: Ball 1-2: Ball 2-2: Foul Ball, location: 2F 2-2: Foul Ball, location: 2F 2-2: Ball 3-2: Ground out U3 (Groundball, 3, EV 88.8 MPH)
|
| Bottom of the 5th over - 0 runs, 0 hits, 0 errors, 1 left on base; Connecticut 2 - Chicago (NYP) 7 |
| TOP OF THE 6TH |
|
Connecticut Tigers batting - Pitching for Chicago (NYP) White Sox : RHP Ed Catalan
|
|
Batting: RHB John Evancho
|
0-0: Called Strike 0-1: SOLO HOME RUN (Line Drive, 78XD, EV 116.2 MPH), Distance : 451 ft
|
|
Batting: RHB Keith Hoffman
|
0-0: Fly out, F8 (Flyball, 8RM, EV 93.8 MPH)
|
|
Batting: RHB Brandon O'Malley
|
0-0: Ground out U3 (Groundball, 3, EV 93.1 MPH)
|
|
Batting: LHB Miguel Bojorquez
|
0-0: Foul Ball, location: 2F 0-1: Ball 1-1: Swinging Strike 1-2: Ball 2-2: Foul Ball, location: 2F 2-2: Ground out U3 (Groundball, 3, EV 76.9 MPH)
|
| Top of the 6th over - 1 run, 1 hit, 0 errors, 0 left on base; Connecticut 3 - Chicago (NYP) 7 |
| BOTTOM OF THE 6TH |
|
Chicago (NYP) White Sox batting - Pitching for Connecticut Tigers : LHP Chris Woodruff
|
|
Batting: RHB Jeremy Hoffert
|
0-0: Called Strike 0-1: Foul Ball, location: 2F 0-2: Ground out 6-3 (Groundball, 6, EV 106.2 MPH)
|
|
Batting: RHB Brad Boals
|
0-0: Ball 1-0: Foul Ball, location: 2F 1-1: Swinging Strike 1-2: Foul Ball, location: 2F 1-2: Foul Ball, location: 2F 1-2: Ball 2-2: Ball 3-2: Reached on error, E5 (Groundball, 56S, EV 89.4 MPH)
|
|
Batting: RHB Dusty Ballard
|
0-0: Ball 1-0: Foul Ball, location: 2F 1-1: Fly out, F4 (Popup, 34, EV 60.0 MPH)
|
|
Pitching: RHP Tony Kepp
|
|
|
Batting: LHB Brandon Hopper
|
0-0: Ball 1-0: Ball 2-0: Called Strike 2-1: Foul Ball, location: 2F 2-2: Strikes out swinging
|
| Bottom of the 6th over - 0 runs, 0 hits, 1 error, 1 left on base; Connecticut 3 - Chicago (NYP) 7 |
| TOP OF THE 7TH |
|
Connecticut Tigers batting - Pitching for Chicago (NYP) White Sox : RHP Ed Catalan
|
|
Batting: RHB Jamie Bass
|
0-0: Ball 1-0: Foul Ball, location: 2F 1-1: Fly out, F7 (Flyball, 7D, EV 101.2 MPH)
|
|
Batting: RHB Riley Menger
|
0-0: SINGLE (Groundball, 4D, EV 105.0 MPH)
|
|
Batting: RHB Jeremy Guidone
|
0-0: Ball 1-0: Foul Ball, location: 2F 1-1: Ball Passed Ball! Riley Menger to second 2-1: Ball 3-1: Foul Ball, location: 2F 3-2: TRIPLE (Line Drive, 78XD, EV 100.0 MPH) Riley Menger scores
|
|
Batting: SHB Adam Weber
|
0-0: Ball 1-0: Ball 2-0: Foul Ball, location: 2F 2-1: Fly out, F8 (Flyball, 89D, EV 80.0 MPH) Runner from 3rd tags up, SCORES, throw by CF
|
|
Batting: RHB Eric Angelle
|
0-0: Called Strike 0-1: Foul Ball, location: 2F 0-2: SINGLE (Groundball, 6, EV 94.4 MPH)
|
|
Pitching: RHP Ian Savary
|
|
|
Batting: RHB John Evancho
|
0-0: Called Strike Eric Angelle steals 2nd base 0-1: Ball 1-1: Called Strike 1-2: Ball 2-2: Ball 3-2: Foul Ball, location: 2F 3-2: Ground out 4-3 (Groundball, 4, EV 98.1 MPH)
|
| Top of the 7th over - 2 runs, 3 hits, 0 errors, 1 left on base; Connecticut 5 - Chicago (NYP) 7 |
| BOTTOM OF THE 7TH |
|
Chicago (NYP) White Sox batting - Pitching for Connecticut Tigers : RHP Tony Kepp
|
|
Batting: LHB Jason Bell
|
0-0: Foul Ball, location: 2F 0-1: Ball 1-1: SINGLE (Groundball, 5D, EV 102.5 MPH)
|
|
Batting: RHB Mitch Cuadros
|
0-0: DOUBLE (Flyball, 8LXD, EV 101.9 MPH) Jason Bell to third Jason Bell scores
|
|
Batting: LHB Ray Walden
|
0-0: Ball 1-0: Foul Ball, location: 2F 1-1: Called Strike 1-2: SINGLE (Groundball, 34D, EV 100.0 MPH) Mitch Cuadros to third Runner from 3rd tries for Home, throw by RF and OUT! 9-2
|
|
Batting: SHB Jason Bresnahan
|
0-0: Ball 1-0: SINGLE (Line Drive, 7LS, EV 98.8 MPH) Ray Walden to second
|
|
Batting: RHB David Laureano
|
0-0: Ball 1-0: Swinging Strike 1-1: Called Strike 1-2: SINGLE (Groundball, 56D, EV 95.0 MPH) Ray Walden to third Jason Bresnahan to second Runner from 3rd tries for Home, SAFE, throw by LF to home
|
|
Batting: RHB Jeremy Hoffert
|
0-0: Called Strike David Laureano steals 2nd base Jason Bresnahan steals 3rd base 0-1: Swinging Strike 0-2: Ball 1-2: Ball Wild Pitch! Jason Bresnahan scores David Laureano to third 2-2: Strikes out swinging
|
|
Batting: RHB Brad Boals
|
0-0: Ball 1-0: Swinging Strike 1-1: Ball 2-1: Ball Wild Pitch! David Laureano scores 3-1: Ground out 5-3 (Groundball, 56S, EV 73.1 MPH)
|
| Bottom of the 7th over - 4 runs, 5 hits, 0 errors, 0 left on base; Connecticut 5 - Chicago (NYP) 11 |
| TOP OF THE 8TH |
|
Connecticut Tigers batting - Pitching for Chicago (NYP) White Sox : RHP Ian Savary
|
|
Batting: RHB Keith Hoffman
|
0-0: Called Strike 0-1: Ball 1-1: Ball 2-1: Ball 3-1: Called Strike 3-2: Reached on error, E6 (Groundball, 6S, EV 66.9 MPH)
|
|
Batting: RHB Brandon O'Malley
|
0-0: Called Strike 0-1: Called Strike 0-2: DOUBLE (Line Drive, 89D, EV 103.8 MPH) Keith Hoffman to third
|
|
Batting: LHB Miguel Bojorquez
|
0-0: Called Strike 0-1: Ball 1-1: Foul Ball, location: 2F 1-2: Ball 2-2: Ball 3-2: Strikes out swinging
|
|
Batting: RHB Jamie Bass
|
0-0: Ball 1-0: Ball 2-0: Ball 3-0: Called Strike 3-1: Base on Balls
|
|
Batting: RHB Riley Menger
|
0-0: Called Strike 0-1: Ball 1-1: Swinging Strike 1-2: Ball 2-2: Foul Ball, location: 2F 2-2: SINGLE (Groundball, 56D, EV 98.1 MPH) Keith Hoffman scores Brandon O'Malley to third Jamie Bass to second
|
|
Pinch Hitting: RHB John Welch
|
0-0: Called Strike 0-1: Called Strike 0-2: Strikes out looking
|
|
Batting: SHB Adam Weber
|
0-0: Ball Passed Ball! Brandon O'Malley scores Jamie Bass to third Riley Menger to second 1-0: Swinging Strike 1-1: Ball 2-1: Ball 3-1: SINGLE (Flyball, 6MD, EV 89.4 MPH) Jamie Bass scores Riley Menger to third Runner from 3rd tries for Home, throw by CF and OUT! 8-2
|
| Top of the 8th over - 3 runs, 3 hits, 1 error, 1 left on base; Connecticut 8 - Chicago (NYP) 11 |
| BOTTOM OF THE 8TH |
|
Chicago (NYP) White Sox batting - Pitching for Connecticut Tigers : RHP Tony Kepp
|
|
Now at 1B: John Welch
|
|
|
Now in LF: Keith Hoffman
|
|
|
Now in CF: Brandon O'Malley
|
|
|
Batting: RHB Dusty Ballard
|
0-0: Called Strike 0-1: Foul Ball, location: 2F 0-2: Ball 1-2: Fly out, F8 (Flyball, 8LD, EV 90.0 MPH)
|
|
Batting: LHB Brandon Hopper
|
0-0: Ball 1-0: Ground out 5-3 (Groundball, 5, EV 105.6 MPH)
|
|
Batting: LHB Jason Bell
|
0-0: Called Strike 0-1: Ball 1-1: Ball 2-1: Ball 3-1: Base on Balls
|
|
Pitching: RHP Fernando Mendez
|
|
|
Batting: RHB Mitch Cuadros
|
0-0: Called Strike 0-1: Called Strike 0-2: Ball 1-2: Fly out, F6 (Flyball, 56D, EV 87.5 MPH)
|
| Bottom of the 8th over - 0 runs, 0 hits, 0 errors, 1 left on base; Connecticut 8 - Chicago (NYP) 11 |
| TOP OF THE 9TH |
|
Connecticut Tigers batting - Pitching for Chicago (NYP) White Sox : RHP Ian Savary
|
|
Pitching: LHP Steven Wolf
|
|
|
Batting: RHB Eric Angelle
|
0-0: Ball 1-0: Swinging Strike 1-1: Foul Ball, location: 2F 1-2: Strikes out swinging
|
|
Batting: RHB John Evancho
|
0-0: Called Strike 0-1: Ball 1-1: Foul Ball, location: 2F 1-2: Foul Ball, location: 2F 1-2: Strikes out swinging
|
|
Batting: RHB Keith Hoffman
|
0-0: Called Strike 0-1: Ball 1-1: Ball 2-1: Called Strike 2-2: Ball 3-2: Base on Balls
|
|
Batting: RHB Brandon O'Malley
|
0-0: Ball 1-0: Called Strike 1-1: Swinging Strike 1-2: Strikes out swinging
|
| Top of the 9th over - 0 runs, 0 hits, 0 errors, 1 left on base; Connecticut 8 - Chicago (NYP) 11 |
|